 Dungeon Crawl Stone Soup version 0.21.0-3-g78d12a8bdd (webtiles) character file.

1327 OceanBard the Covert (level 8, 0/58 HPs)
             Began as a Vampire Assassin on Jan 12, 2018.
             Was a Believer of Kikubaaqudgha.
             Slain by an orc
             ... wielding a +0 whip
              (1 damage)
             ... on level 6 of the Dungeon.
             The game lasted 01:05:58 (14734 turns).

OceanBard the Covert (Vampire Assassin)            Turns: 14734, Time: 01:05:58

Health: 0/58       AC:  6    Str: 10 (12) XL:     8   Next: 34%
Magic:  9/9        EV: 13    Int: 13      God:    Kikubaaqudgha [**....]
Gold:   248        SH:  0    Dex: 15 (18) Spells: 4/8 levels left

rFire    . . .     SeeInvis +   a - +3 dagger
rCold    + + .     Gourm    .   (no shield)
rNeg     + + +     Faith    .   t - +1 leather armour
rPois    ∞         Spirit   .   (no helmet)
rElec    .         Reflect  .   d - +1 cloak
rCorr    .         Harm     .   (no gloves)
MR       .....                  (no boots)
Stlth    ++++++....             (no amulet)
HPRegen  0.00/turn              s - +2 ring of strength
MPRegen  0.11/turn              (no ring)

@: bloodless, non-regenerating
A: fangs 3, see invisible, unbreathing
a: Bat Form, Receive Corpses, Renounce Religion


You were on level 6 of the Dungeon.
You worshipped Kikubaaqudgha.
Kikubaaqudgha was pleased with you.
You were bloodless.

You visited 2 branches of the dungeon, and saw 7 of its levels.

You collected 248 gold pieces.

Inventory:

Hand Weapons
 a - a +3 dagger (weapon)
 b - a +0 blowgun
Missiles
 e - 4 poisoned needles
Armour
 c - a +0 robe
 d - a +1 cloak (worn)
 t - a +1 leather armour (worn)
 u - a +0 robe
 v - a +0 leather armour
Jewellery
 s - a +2 ring of strength (left hand)
Wands
 q - a wand of iceblast (8)
 A - a wand of disintegration (10)
Scrolls
 g - a scroll of random uselessness {unknown}
 h - 4 scrolls of remove curse
 i - 2 scrolls of identify
 k - a scroll of noise
 m - 2 scrolls of magic mapping {unknown}
 p - 3 scrolls of teleportation
Potions
 f - a potion of flight
 j - 3 potions of curing
 l - a potion of brilliance
 n - a potion of lignification
 w - a potion of agility
Books
 o - a book of Minor Magic

   Spells                             Type                      Level
   a - Magic Dart                     Conjuration                  1
   b - Blink                          Translocation                2
   c - Call Imp                       Summoning                    2
   d - Slow                           Hexes                        2
   e - Conjure Flame                  Conjuration/Fire             3
   f - Mephitic Cloud                 Conjuration/Poison/Air       3
 r - Kikubaaqudgha's Grimoire of Dark Rituals
   (Kikubaaqudgha gifted it to you on level 3 of the Dungeon)

   Spells                             Type                      Level
   a - Pain                           Necromancy                   1
   b - Corpse Rot                     Necromancy                   2
   c - Sublimation of Blood           Necromancy                   2
   d - Vampiric Draining              Necromancy                   3


   Skills:
 + Level 3.5 Fighting
 + Level 4.7 Short Blades
 + Level 4.7 Throwing
 + Level 2.0 Armour
 + Level 3.6 Dodging
 + Level 9.5 Stealth
 + Level 0.7 Unarmed Combat
 + Level 0.9 Spellcasting
 + Level 0.4 Necromancy
 + Level 0.3 Translocations


You had 4 spell levels left.
You knew the following spells:

 Your Spells              Type           Power        Failure   Level  Hunger
a - Blink                 Tloc           N/A          45%         2    ###....
b - Pain                  Necr           #...         30%         1    ##.....
c - Magic Dart            Conj           #...         36%         1    ##.....


Dungeon Overview and Level Annotations

Branches:
Dungeon (6/15)             Temple (1/1) D:4

Altars:
Ashenzari
Cheibriados
Hepliaklqana
Kikubaaqudgha
Okawaru
Qazlal
Sif Muna
Trog
Vehumet
Xom
Yredelemnul
The Shining One


Innate Abilities, Weirdness & Mutations

You do not heal naturally.
You are immune to poison.
You have razor-sharp teeth.
You have supernaturally acute eyesight. (SInv)
You can survive without breathing.


Message History

The orc is severely wounded.
The orc barely misses you.
You hit the orc.
You kill the orc!
Kikubaaqudgha accepts your kill.
Your Armour skill increases to level 2!
An orc wizard comes into view. It is wielding a dagger.
The orc completely misses you.
Things that are here:
a ring mail; a scroll of identify; an orc corpse The orc wizard shouts!
You hit the orc.
The orc is severely wounded.
The orc hits you with a whip.
* * * LOW HITPOINT WARNING * * *
You hit the orc.
The orc is almost dead.
The orc hits you with a whip.
You die...
Kikubaaqudgha rasps: "You have failed me!
Welcome... oblivion!"

#.# #.#
##.###
#.# #.#
#o# #
#.# #.#
#.# o
#o# ...
. #.#
#.# .
#.# #.#
#.# #.#
#.#####
#o@..<#
#####.#
#.# #.#
#.# #.#
#.# #.#
#<#


You could see an orc wizard and an orc.

Vanquished Creatures
  Grinder (D:4)
  Sigmund (D:4)
  2 sky beasts (D:5)
  3 ogres
  2 crimson imps
  2 hounds (D:5)
  An orc priest (D:4)
  An orc wizard (D:5)
  An iguana (D:6)
  3 worker ants
  A hound zombie (D:5)
  A hound skeleton (D:4)
  3 gnolls (D:3)
  6 adders
  A shadow imp (D:5)
  2 oozes (D:2)
  2 adder skeletons (D:4)
  A worm (D:3)
  3 dart slugs
  3 leopard geckos
  12 orcs
  8 bats
  9 giant cockroaches
  7 goblins
  10 hobgoblins
  2 jackals (D:2)
  3 quokkas
  9 frilled lizards
  4 kobolds
  A leopard gecko zombie (D:5)
  A quokka skeleton (D:4)
  4 rats
110 creatures vanquished.

Vanquished Creatures (others)
  Prince Ribbit (D:5)
  A scorpion (D:5)
  A howler monkey (D:5)
  A hound (D:5)
  An orc wizard (D:5)
  An iguana (D:5)
  A worker ant (D:5)
  An orc (D:5)
  A giant cockroach (D:5)
  A frilled lizard (D:5)
10 creatures vanquished.

Grand Total: 120 creatures vanquished

Notes
Turn   | Place    | Note
-------+----------+-------------------------------------------
     0 | D:1      | OceanBard the Vampire Assassin began the quest for the Orb.
     0 | D:1      | Reached XP level 1. HP: 16/16 MP: 1/1
    34 | D:1      | Reached skill level 6 in Stealth
   307 | D:1      | Reached XP level 2. HP: 11/22 MP: 2/2
  4543 | D:2      | Found an ancient bone altar of Kikubaaqudgha.
  4605 | D:2      | Became a worshipper of Kikubaaqudgha
  4675 | D:2      | Reached skill level 7 in Stealth
  4675 | D:2      | Reached XP level 3. HP: 24/27 MP: 3/3
  5037 | D:2      | Learned a level 2 spell: Blink
  5228 | D:2      | Found a shattered altar of Ashenzari.
  5243 | D:2      | Reached XP level 4. HP: 3/33 MP: 4/4
  6626 | D:3      | Reached * piety under Kikubaaqudgha
  6626 | D:3      | Identified Kikubaaqudgha's Grimoire of Dark Rituals (Kikubaaqudgha gifted it to you on level 3 of the Dungeon)
  6626 | D:3      | Received a gift from Kikubaaqudgha
  6764 | D:3      | Found a hazy altar of Hepliaklqana.
  6990 | D:3      | Reached skill level 8 in Stealth
  7523 | D:3      | Reached XP level 5. HP: 38/39 MP: 5/5
  7849 | D:4      | Noticed Grinder
  7876 | D:4      | Killed Grinder
  7876 | D:4      | Reached XP level 6. HP: 38/46 MP: 6/6
  7994 | D:4      | Found a stormy altar of Qazlal.
  8037 | D:4      | Found a staircase to the Ecumenical Temple.
  8553 | D:4      | Noticed Sigmund
  8566 | D:4      | Killed Sigmund
  8566 | D:4      | Reached skill level 9 in Stealth
  8566 | D:4      | Reached XP level 7. HP: 32/52 MP: 7/7
  8673 | D:4      | Reached ** piety under Kikubaaqudgha
  9779 | D:4      | Learned a level 1 spell: Pain
  9829 | Temple   | Entered the Ecumenical Temple
  9861 | D:5      | Entered Level 5 of the Dungeon
 11192 | D:5      | Found a shimmering altar of Xom.
 11277 | D:5      | Learned a level 1 spell: Magic Dart
 11359 | D:5      | Found a bloodstained altar of Trog.
 11363 | D:5      | Found a glowing golden altar of the Shining One.
 11411 | D:5      | Reached XP level 8. HP: 25/58 MP: 3/8
 11596 | D:5      | Reached skill level 1 in Armour
 11622 | D:5      | Found a deep blue altar of Sif Muna.
 11974 | D:5      | Noticed Prince Ribbit
 13637 | D:5      | Killed Prince Ribbit
 14733 | D:6      | HP: 1/58 [orc/whip (4)]
 14734 | D:6      | Slain by an orc

Skill      XL: |  1  2  3  4  5  6  7  8 |
---------------+-------------------------+-----
Stealth        | 6 7 8 9 |  9.5
Fighting       | 2 3 |  3.5
Dodging        | 2 3 |  3.6
Throwing       | 3 4 |  4.7
Short Blades   | 3 4 |  4.7
Armour         | 2 |  2.0
Unarmed Combat | |  0.7
Spellcasting   | |  0.9
Necromancy     | |  0.4
Translocations | |  0.3

Action                   |  1- 3 |  4- 6 |  7- 9 || total
-------------------------+-------+-------+-------++-------
Melee: Dagger            |   108 |    91 |   313 ||   512
       Bite              |    23 |    15 |    42 ||    80
       Unarmed           |    89 |    14 |     8 ||   111
       Punch             |       |       |     2 ||     2
 Fire: Blowgun           |       |    79 |    24 ||   103
Throw: Throwing net      |       |       |     2 ||     2
 Cast: Pain              |       |       |     3 ||     3
       Blink             |       |       |     5 ||     5
       Magic Dart        |       |       |     1 ||     1
Invok: Receive Corpses   |       |       |     1 ||     1
 Abil: Bat Form          |     1 |     3 |     4 ||     8
       End Transformatio |       |     4 |     4 ||     8
  Use: Scroll            |     8 |     1 |     3 ||    12
       Potion            |       |     3 |    16 ||    19
 Stab: Sleeping          |    12 |    13 |     4 ||    29
       Held in net/web   |       |       |     1 ||     1
  Eat: Corpse            |     3 |       |     1 ||     4
Armor: Robe              |    22 |    15 |     5 ||    42
       Leather armour    |       |       |    49 ||    49
Dodge: Dodged            |   161 |    64 |   176 ||   401
